 Dungeon Crawl Stone Soup version 0.28-a0-461-g2dc4ca5097 (webtiles) character file.

Game seed: 2106378359762981328

183224 robertstho the Executioner (level 17, -2/136 HPs)
             Began as a Minotaur Berserker on Sept 13, 2021.
             Was a High Priest of Trog.
             Collided with a stone wall (8 damage)
             ... caused by a wretched star
             ... on level 3 of the Abyss.
             The game lasted 00:52:25 (42286 turns).

robertstho the Executioner (Minotaur Berserker)    Turns: 42286, Time: 00:52:25

Health: -2/136     AC: 22    Str: 28    XL:     17   Next: 37%
Magic:  0/16       EV: 10    Int:  5    God:    Trog [*****.]
Gold:   4248       SH:  0    Dex: 10    Spells: 16/16 levels left

rFire   . . .      SeeInvis +   P - +4 executioner's axe (vorpal)
rCold   + + .      Faith    .   (shield currently unavailable)
rNeg    + . .      Spirit   +   E - +0 plate armour
rPois   +          Reflect  .   X - -2 hat of the Alchemist {rElec rPois rF+ rC+ rN+ Will+ rMut rCorr}
rElec   +          Harm     .   z - +0 cloak
rCorr   +          Rampage  .   G - +0 pair of gloves
rMut    +                       s - +0 pair of boots
Will    ++++.                   y - amulet of guardian spirit
Stlth   ..........              c - ring of ice
HPRegen 1.32/turn               F - ring of see invisible
MPRegen 0.15/turn

@: about to teleport, strong-willed, on berserk cooldown, regenerating, slowed,
studying Dodging, very slow
A: horns 2, retaliatory headbutt, [frail 2], [no potion heal 2], [subdued magic
2]
}: 1/15 runes: gossamer
a: Renounce Religion, Berserk, Trog's Hand, Brothers in Arms


You were on level 3 of the Abyss.
You worshipped Trog.
Trog was extremely pleased with you.
You visited 5 branches of the dungeon, and saw 28 of its levels.
You visited the Abyss 1 time.
You also visited: Bailey.

You collected 6294 gold pieces.
You spent 2046 gold pieces at shops.

Inventory:

Hand Weapons
 q - a +1 antimagic broad axe
 r - a +2 battleaxe of flaming
 H - a +0 battleaxe
 P - a +4 vorpal executioner's axe (weapon)
Armour
 s - a +0 pair of boots (worn)
 z - a +0 cloak (worn)
 E - a +0 plate armour (worn)
 G - a +0 pair of gloves (worn)
 X - the -2 hat of the Alchemist (worn) {rElec rPois rF+ rC+ rN+ Will+ rMut rCorr}
   (You acquired it on level 2 of the Spider Nest)

   rF:        It protects you from fire.
   rC:        It protects you from cold.
   rElec:     It insulates you from electricity.
   rPois:     It protects you from poison.
   rN:        It protects you from negative energy.
   rCorr:     It protects you from acid and corrosion.
   rMut:      It protects you from mutation.
   Will:      It increases your willpower.
Jewellery
 c - a ring of ice (left hand)
 y - an amulet of guardian spirit (around neck)
 C - a ring of willpower
 F - a ring of see invisible (right hand)
 R - a ring of magical power
Wands
 g - a wand of polymorph (13)
 m - a wand of mindburst (39)
 t - a wand of paralysis (7)
 x - a wand of iceblast (34)
 I - a wand of digging (18)
 Q - a wand of charming (7)
 W - a wand of acid (7)
Scrolls
 a - 3 scrolls of holy word
 k - 4 scrolls of immolation
 l - 5 scrolls of enchant armour
 n - 3 scrolls of enchant weapon
 v - 4 scrolls of vulnerability
 w - 4 scrolls of torment
 A - 2 scrolls of silence
 D - a scroll of blinking
 J - a scroll of brand weapon
 K - 6 scrolls of identify
 M - a scroll of fog
 N - a scroll of magic mapping
 O - 8 scrolls of teleportation
Potions
 b - 2 potions of haste
 d - 7 potions of ambrosia
 e - 3 potions of might
 f - 3 potions of lignification
 h - 9 potions of curing
 i - a potion of resistance
 j - 8 potions of cancellation
 o - 3 potions of magic
 p - 9 potions of attraction
 u - 3 potions of flight
 B - 2 potions of heal wounds
 L - 7 potions of mutation
 Y - 2 potions of invisibility
Miscellaneous
 V - a phantom mirror


   Skills:
 * Level 20.2 Fighting
 + Level 21.0 Axes
 * Level 19.7 Armour
 + Level 6.0 Dodging
 + Level 0.8 Evocations


You had 16 spell levels left.
You didn't know any spells.
Your spell library was empty.

Dungeon Overview and Level Annotations

Branches:
Dungeon (15/15)            Temple (0/1) D:7            Lair (6/6) D:10
 Shoals (0/4) Lair:4       Spider (4/4) Lair:3        Slime (0/5) Lair:5
    Orc (2/2) D:11            Elf (1/3) Orc:2        Depths (0/5) D:15
 Bailey (visited)
 Vaults: D:13-14

Altars:
Ashenzari
Cheibriados
Dithmenos
Fedhas
Gozag
Kikubaaqudgha
Makhleb
Nemelex Xobeh
Qazlal
Vehumet
Wu Jian
Yredelemnul
The Shining One
Beogh

Shops:
D:7 !   D:9 *   Orc:1 =   Orc:2 ?!!?

Annotations:
D:7 Potion shop


Innate Abilities, Weirdness & Mutations

You have a pair of horns on your head.
You reflexively headbutt those who attack you in melee.
[You are very frail. (-20% HP)]
[Potions cannot restore your health.]
[Your spells are easier to cast, but less powerful.]


Message History

Unknown command.
You hit the wretched star.
The wretched star is lightly damaged.
You hit the wretched star but do no damage.
You headbutt the wretched star, but do no damage.
The wretched star is lightly damaged.
The wretched star glows turbulently.
The lance of force hits you!
You are knocked back by the lance of force.
You slam into the stone wall!
You open the wretched star like a pillowcase!!!
The wretched star is heavily damaged.
The wretched star glows turbulently.
The lance of force hits you!!
* * * LOW HITPOINT WARNING * * *
You are knocked back by the lance of force.
You slam into the stone wall!
* * * LOW HITPOINT WARNING * * *
A green death comes into view.
Okay, then.
The wretched star glows turbulently.
The lance of force misses you.
The wretched star pulses with an eldritch light!
Unknown command.
As you read the scroll of teleportation, it crumbles to dust.
You feel strangely unstable.
You feel the power of the Abyss delaying your translocation!
Unknown command.
The wretched star glows turbulently.
The lance of force hits you!
* * * LOW HITPOINT WARNING * * *
You are knocked back by the lance of force.
You slam into the rock wall!
* * * LOW HITPOINT WARNING * * *
The wretched star glows turbulently.
The lance of force hits you.
* * * LOW HITPOINT WARNING * * *
You are knocked back by the lance of force.
You slam into the stone wall!
You die...

#.. .. . ...
#......... ....
##..##..# ..#...
#...##..##..#..
+..............
#.............
#..##..# ..# .#.
#..##..##..#....
#@......2.......
#..#..#.#...#..
#.#####.*.####
## #####


You could see a green death and a wretched star.

Vanquished Creatures
  Arachne (Spider:4)
  A tentacled starspawn (Abyss:3)
  Kirke (Spider:1)
  A fire giant (D:15)
  3 ghost moths (Spider:4)
  Aizul (Spider:4)
  7 emperor scorpions
  An ophan (Abyss:3)
  Azrael (Spider:1)
  3 spark wasps
  A minotaur (Lair:1)
  3 entropy weavers
  A fire dragon (Lair:6)
  A boulder beetle (Lair:5)
  Fannar (Lair:1)
  6 hydras
  3 ogre magi
  A catoblepas (Lair:6)
  3 centaur warriors
  14 two-headed ogres
  Erica (Lair:1)
  2 tengu warriors (D:15)
  An orc high priest (Orc:2)
  12 death yaks (Lair:6)
  3 thrashing horrors (Abyss:3)
  Nergalle (D:12)
  4 skeletal warriors (D:15)
  A fire crab (Lair:6)
  A glowing orange brain (Abyss:3)
  A deep elf archer (Elf:1)
  2 orc knights
  2 deep elf pyromancers
  A lindwurm (Lair:5)
  15 orb spiders
  A necromancer (Lair:3)
  5 manticores
  An oklob plant (Lair:6)
  4 ugly things (D:15)
  27 wolf spiders
  3 cyclopes
  A moth of wrath (Spider:4)
  15 elephants
  9 black mambas
  2 molten gargoyles (Lair:6)
  17 cane toads
  An ice statue (Spider:2)
  A torpor snail (Spider:2)
  An unseen horror (D:10)
  A smoke demon (Abyss:3)
  A rime drake (shapeshifter) (D:13)
  13 komodo dragons
  2 kobold demonologists
  A freezing wraith (D:15)
  2 rime drakes
  13 demonic crawlers
  A tengu conjurer (D:15)
  4 trolls
  29 jumping spiders
  2 large abominations (Abyss:3)
  3 meliai (D:15)
  A wind drake (shapeshifter) (D:15)
  Grinder (D:6)
  A polar bear (Lair:1)
  A hornet (Spider:1)
  4 raiju (Abyss:3)
  Prince Ribbit (D:5)
  A dream sheep (Lair:5)
  13 blink frogs
  12 slime creatures
  2 shadows
  Sigmund (D:2)
  4 flying skulls (Abyss:3)
  57 redbacks
  20 yaks
  8 wyverns
  A ynoxinul (Abyss:3)
  25 tarantellas
  A wraith (D:14)
  5 basilisks
  A fire elemental (Spider:1)
  4 steam dragons
  8 vampire mosquitoes
  3 wargs
  3 acid dragons
  16 water moccasins
  6 hell hounds
  26 orc warriors
  A black bear (D:4)
  31 ogres
  2 ice beasts
  4 necrophages
  A centaur (D:12)
  12 bullfrogs
  A kobold brigand (D:8)
  2 gnoll sergeants (D:8)
  A scorpion (D:4)
  16 killer bees
  5 wights (D:10)
  A howler monkey (D:6)
  A small abomination (Abyss:3)
  A vampire bat (D:4)
  4 centaur zombies
  A jelly (Lair:5)
  4 lava snakes (Lair:6)
  A crimson imp (D:7)
  2 hounds (D:6)
  11 orc priests
  A centaur skeleton (D:6)
  A gnoll shaman (D:5)
  3 iguanas
  Jessica (D:3)
  Natasha (thrice) (D:3)
  16 orc wizards
  3 polar bear simulacra (Lair:3)
  2 wolf simulacra (Lair:3)
  3 yak simulacra (Lair:3)
  3 howler monkey zombies (D:9)
  27 gnolls
  3 adders
  2 shadow imps
  4 white imps
  2 ufetubi
  3 dart slugs
  3 fire bats (D:4)
  69 orcs
  2 spectral bats (D:4)
  9 ball pythons
  3 bat skeletons (D:4)
  A bat zombie (D:4)
  3 endoplasms
  6 giant cockroaches
  19 hobgoblins
  3 jackals (D:2)
  21 kobolds
  11 bats
  A bat simulacrum (D:4)
  4 frilled lizards
  6 goblins
  2 rats
  3 river rat simulacra (Lair:3)
  A starspawn tentacle (Abyss:3)
833 creatures vanquished.

Vanquished Creatures (collateral kills)
  An entropy weaver (Spider:1)
  The ghost of lunkers the Thaumaturge, a journeyman DjFE of Ashenzari (Lair:1)
  A hydra (D:11)
  2 ogre magi (Orc:2)
  3 two-headed ogres (Orc:2)
  Sonja (D:10)
  A deep elf archer (D:13)
  An orb spider (Spider:2)
  2 wolf spiders
  A cyclops (D:11)
  2 demonic crawlers
  8 jumping spiders
  6 redbacks
  A hog (Spider:1)
  4 fire elementals (Spider:1)
  2 water moccasins (Lair:1)
  2 hell hounds (Spider:1)
  6 ogres (Orc:2)
  An orc wizard (D:13)
  An orc (D:13)
47 creatures vanquished.

Vanquished Creatures (others)
  A kobold (D:8)
  19 fungi
  A lurking horror (Abyss:3)
  39 plants
  2 starspawn tentacles (Abyss:3)
62 creatures vanquished.

Grand Total: 942 creatures vanquished

Notes
Turn   | Place    | Note
-------+----------+-------------------------------------------
     0 | D:1      | robertstho the Minotaur Berserker began the quest for the
                  | Orb.
     0 | D:1      | Reached XP level 1. HP: 19/19 MP: 0/0
   176 | D:1      | Reached XP level 2. HP: 27/27 MP: 1/1
   607 | D:1      | Reached skill level 4 in Axes
  1089 | D:2      | Reached XP level 3. HP: 34/34 MP: 2/2
  1429 | D:2      | Noticed Sigmund
  1442 | D:2      | Killed Sigmund
  1443 | D:2      | Reached skill level 5 in Fighting
  1443 | D:2      | Reached skill level 5 in Axes
  1443 | D:2      | Reached XP level 4. HP: 32/44 MP: 3/3
  1443 | D:2      | Reached XP level 5. HP: 36/50 MP: 4/4
  1839 | D:2      | Reached ** piety under Trog
  2053 | D:3      | Found a blossoming altar of Fedhas.
  2061 | D:3      | Noticed Natasha
  2071 | D:3      | Killed Natasha
  2201 | D:3      | Noticed Natasha
  2211 | D:3      | Killed Natasha
  2339 | D:3      | Noticed Natasha
  2346 | D:3      | Killed Natasha
  2347 | D:3      | Reached XP level 6. HP: 51/57 MP: 5/5
  2515 | D:3      | Noticed Jessica
  2523 | D:3      | Killed Jessica
  2747 | D:3      | Found a stormy altar of Qazlal.
  2758 | D:3      | Found an ancient bone altar of Kikubaaqudgha.
  2771 | D:3      | Found a burning altar of Makhleb.
  2809 | D:3      | Found a sparkling altar of Nemelex Xobeh.
  3033 | D:3      | Found a radiant altar of Vehumet.
  3201 | D:4      | Found a broken altar of Ashenzari.
  3201 | D:4      | Noticed a water moccasin
  3239 | D:4      | Killed a water moccasin
  3240 | D:4      | Reached skill level 6 in Axes
  3479 | D:4      | Found an opulent altar of Gozag.
  3885 | D:4      | Reached *** piety under Trog
  3937 | D:4      | Reached XP level 7. HP: 29/64 MP: 6/6
  4582 | D:5      | Entered Level 5 of the Dungeon
  4627 | D:5      | Reached skill level 7 in Axes
  4634 | D:5      | Reached **** piety under Trog
  4992 | D:5      | Reached XP level 8. HP: 69/74 MP: 7/7
  4996 | D:5      | Reached skill level 5 in Armour
  5271 | D:5      | Found a shadowy altar of Dithmenos.
  5330 | D:5      | Noticed Prince Ribbit
  5717 | D:5      | Killed Prince Ribbit
  5933 | D:5      | Reached skill level 8 in Axes
  6110 | D:5      | Found a basalt altar of Yredelemnul.
  6864 | D:6      | Noticed Grinder
  6876 | D:6      | Killed Grinder
  7169 | D:6      | Found an ornate altar of the Wu Jian Council.
  7231 | D:6      | Reached skill level 5 in Dodging
  7374 | D:6      | Reached skill level 9 in Axes
  7422 | D:6      | Reached XP level 9. HP: 81/83 MP: 8/8
  8093 | D:7      | Found a glowing golden altar of the Shining One.
  8392 | D:7      | Found a staircase to the Ecumenical Temple.
  8475 | D:7      | Found Rannoed's Distillery.
  8483 | D:7      | Bought a potion of degeneration for 15 gold pieces
  8483 | D:7      | Bought a potion of lignification for 45 gold pieces
  8483 | D:7      | Bought a potion of heal wounds for 75 gold pieces
  8483 | D:7      | Bought a potion of flight for 45 gold pieces
  8483 | D:7      | Bought a potion of attraction for 45 gold pieces
  8483 | D:7      | Bought a potion of curing for 45 gold pieces
  9326 | D:8      | Reached skill level 10 in Axes
  9431 | D:8      | Reached ***** piety under Trog
  9490 | D:8      | Reached skill level 10 in Fighting
  9840 | D:8      | Found a snail-covered altar of Cheibriados.
  9853 | D:8      | Reached XP level 10. HP: 53/93 MP: 7/9
 10690 | D:9      | Found Rilaer Qoni's Gadget Gallery.
 11106 | D:9      | Reached skill level 10 in Armour
 11273 | D:10     | Entered Level 10 of the Dungeon
 11301 | D:10     | Reached skill level 11 in Axes
 11408 | D:10     | Noticed Sonja
 11421 | D:10     | Killed Sonja
 12220 | D:10     | Found a staircase to the Lair.
 12685 | D:11     | Reached XP level 11. HP: 70/104 MP: 5/10
 12834 | D:11     | Found a sparkling altar of Nemelex Xobeh.
 12873 | D:11     | Noticed a six-headed hydra
 12877 | D:11     | Killed a five-headed hydra
 12878 | D:11     | Reached skill level 12 in Axes
 12994 | D:11     | Found a staircase to the Orcish Mines.
 13073 | D:11     | Noticed a two-headed ogre
 13078 | D:11     | Killed a two-headed ogre
 13760 | D:12     | Found a radiant altar of Vehumet.
 13797 | D:12     | Noticed Nergalle
 13799 | D:12     | Noticed a two-headed ogre
 14003 | Orc:1    | Entered Level 1 of the Orcish Mines
 14257 | Orc:1    | Found a burning altar of Makhleb.
 14384 | Orc:1    | Found Ecvisch's Jewellery Shop.
 14578 | Orc:1    | Noticed an orc knight
 14591 | Orc:1    | Killed an orc knight
 14665 | Orc:1    | Found a flagged portal.
 14674 | Bailey   | Entered a bailey
 14718 | Bailey   | Received a gift from Trog
 15948 | Orc:2    | Entered Level 2 of the Orcish Mines
 15967 | Orc:2    | Reached skill level 13 in Axes
 16039 | Orc:2    | Noticed an orc high priest
 16051 | Orc:2    | Killed an orc high priest
 16377 | Orc:2    | Noticed a two-headed ogre
 16377 | Orc:2    | Noticed a two-headed ogre
 16377 | Orc:2    | Noticed a two-headed ogre
 16377 | Orc:2    | Noticed a two-headed ogre
 16377 | Orc:2    | Noticed a two-headed ogre
 16378 | Orc:2    | Noticed a two-headed ogre
 16388 | Orc:2    | Noticed an ogre mage
 16712 | Orc:2    | Killed a two-headed ogre
 16716 | Orc:2    | Killed an ogre mage
 16717 | Orc:2    | Reached XP level 12. HP: 77/115 MP: 5/11
 16718 | Orc:2    | Killed a two-headed ogre
 16722 | Orc:2    | Killed a two-headed ogre
 17052 | Orc:2    | Noticed a two-headed ogre
 17058 | Orc:2    | Killed a two-headed ogre
 17097 | Orc:2    | Noticed a two-headed ogre
 17102 | Orc:2    | Killed a two-headed ogre
 17116 | Orc:2    | Killed a two-headed ogre
 17119 | Orc:2    | Noticed an ogre mage
 17119 | Orc:2    | Noticed a two-headed ogre
 17121 | Orc:2    | Noticed an ogre mage
 17123 | Orc:2    | Noticed a two-headed ogre
 17125 | Orc:2    | Noticed a two-headed ogre
 17125 | Orc:2    | Noticed a two-headed ogre
 17126 | Orc:2    | Killed a two-headed ogre
 17127 | Orc:2    | Reached skill level 14 in Axes
 17128 | Orc:2    | Killed a two-headed ogre
 17136 | Orc:2    | Killed a two-headed ogre
 17137 | Orc:2    | Killed an ogre mage
 17138 | Orc:2    | Killed a two-headed ogre
 17139 | Orc:2    | Killed an ogre mage
 17141 | Orc:2    | Killed a two-headed ogre
 17150 | Orc:2    | Found a staircase to the Elven Halls.
 17417 | Orc:1    | Acquired the ring of Limitation {rElec rCorr Int+4}
 17421 | Orc:1    | Acquired 432 gold pieces
 17423 | Orc:1    | Acquired 975 gold pieces
 17430 | Orc:2    | Noticed an ogre mage
 17435 | Orc:2    | Killed an ogre mage
 17437 | Orc:2    | Killed a two-headed ogre
 17638 | Orc:2    | Found Zuixalug's Magic Scroll Emporium.
 17638 | Orc:2    | Found Uddidghop's Distillery.
 17639 | Orc:2    | Found Tugy's Distillery.
 17639 | Orc:2    | Found Kearph's Magic Scroll Shoppe.
 17660 | Orc:2    | Bought a scroll of acquirement for 624 gold pieces
 17660 | Orc:2    | Bought a scroll of identify for 24 gold pieces
 17660 | Orc:2    | Bought a scroll of teleportation for 36 gold pieces
 17660 | Orc:2    | Bought a scroll of teleportation for 36 gold pieces
 17660 | Orc:2    | Bought a scroll of teleportation for 36 gold pieces
 17662 | Orc:2    | Acquired 850 gold pieces
 17665 | Orc:2    | Bought a potion of brilliance for 60 gold pieces
 17665 | Orc:2    | Bought a potion of curing for 45 gold pieces
 17667 | Orc:2    | Bought a scroll of torment for 97 gold pieces
 17667 | Orc:2    | Bought a scroll of silence for 97 gold pieces
 17667 | Orc:2    | Bought a scroll of teleportation for 39 gold pieces
 17667 | Orc:2    | Bought a scroll of noise for 13 gold pieces
 17667 | Orc:2    | Bought 2 scrolls of teleportation for 78 gold pieces
 17667 | Orc:2    | Bought a scroll of teleportation for 39 gold pieces
 17670 | Orc:2    | Bought a potion of curing for 51 gold pieces
 17670 | Orc:2    | Bought a potion of heal wounds for 85 gold pieces
 17670 | Orc:2    | Bought a potion of cancellation for 136 gold pieces
 17825 | Orc:2    | Reached XP level 13. HP: 115/125 MP: 10/12
 18211 | D:12     | Killed Nergalle
 18211 | D:12     | Received a gift from Trog
 18212 | D:12     | Reached skill level 15 in Axes
 18519 | D:12     | Reached skill level 15 in Armour
 19280 | D:13     | Reached skill level 15 in Fighting
 19591 | Lair:1   | Entered Level 1 of the Lair of Beasts
 19612 | Lair:1   | Noticed lunkers's ghost (journeyman DjFE)
 19614 | Lair:1   | Noticed a minotaur
 19736 | Lair:1   | Noticed Erica
 19741 | Lair:1   | Killed Erica
 19822 | Lair:1   | Found a runed translucent gate.
 19822 | Lair:1   | Found a runed translucent gate.
 19823 | Lair:1   | Found a runed translucent gate.
 19892 | Lair:1   | Noticed Fannar
 19902 | Lair:1   | Killed Fannar
 20364 | Lair:1   | Killed a minotaur
 20365 | Lair:1   | Reached skill level 16 in Axes
 20370 | Lair:1   | Killed lunkers's ghost
 20673 | Lair:2   | Received a gift from Trog
 20950 | Lair:2   | You fall into a shaft and drop 1 floor!
 21255 | Lair:2   | Reached XP level 14. HP: 109/136 MP: 13/13
 21790 | Lair:3   | Found a hole to the Spider Nest.
 22861 | Lair:4   | You fall into a shaft and drop 2 floors!
 22861 | Lair:6   | Entered Level 6 of the Lair of Beasts
 22874 | Lair:6   | Reached skill level 17 in Axes
 24000 | Lair:5   | Found a staircase to the Slime Pits.
 24854 | Lair:4   | Found a staircase to the Shoals.
 25794 | Lair:6   | Reached skill level 18 in Axes
 25979 | Lair:6   | Reached ****** piety under Trog
 26570 | Lair:6   | Reached XP level 15. HP: 108/147 MP: 11/14
 27389 | Lair:6   | Found a large runed translucent door.
 27390 | Lair:6   | Found a large runed translucent door.
 27411 | Lair:6   | Received a gift from Trog
 28861 | D:15     | Entered Level 15 of the Dungeon
 29865 | D:15     | Noticed a fire giant
 29865 | D:15     | Found a staircase to the Depths.
 29874 | D:15     | Killed a fire giant
 30799 | D:15     | Reached skill level 19 in Axes
 31830 | Orc:1    | Bought a ring of poison resistance for 280 gold pieces
 32084 | Spider:1 | Entered Level 1 of the Spider Nest
 32244 | Spider:1 | Noticed Kirke
 32254 | Spider:1 | Received a gift from Trog
 32266 | Spider:1 | Killed Kirke
 32275 | Spider:1 | Noticed Azrael
 32284 | Spider:1 | HP: 2/150 [Azrael/damnation (20)]
 32292 | Spider:1 | Killed Azrael
 33257 | Spider:2 | Reached XP level 16. HP: 159/159 MP: 15/15
 33449 | Spider:2 | Acquired a manual of Dodging
 33451 | Spider:2 | Acquired the -2 hat of the Alchemist {rElec rPois rF+ rC+
                  | rN+ Will+ rMut rCorr}
 33451 | Spider:2 | Found the -2 hat of the Alchemist {rElec rPois rF+ rC+ rN+
                  | Will+ rMut rCorr}
 33457 | Spider:2 | Acquired 930 gold pieces
 35021 | Spider:2 | Received a gift from Trog
 35849 | Spider:2 | You fall into a shaft and drop 1 floor!
 35925 | Spider:3 | Reached skill level 20 in Axes
 38130 | Spider:4 | Entered Level 4 of the Spider Nest
 38338 | Spider:4 | Noticed Aizul
 38347 | Spider:4 | Killed Aizul
 38826 | Spider:4 | Noticed Arachne
 38847 | Spider:4 | Killed Arachne
 39507 | Spider:4 | Reached XP level 17. HP: 60/169 MP: 1/16
 41450 | Spider:4 | Got a gossamer rune of Zot
 41907 | Elf:1    | Entered Level 1 of the Elven Halls
 41964 | Elf:1    | Cast into level 3 of the Abyss (a deep elf demonologist)
 42055 | Abyss:3  | Found a bloodstained altar of Trog.
 42174 | Abyss:3  | Reached skill level 21 in Axes
 42284 | Abyss:3  | HP: 6/136 [rock wall collision (13)]
 42286 | Abyss:3  | Collided with a stone wall

Illustrated notes

Levels and vault maps discovered:
D:1:      dpeg_arrival_tiny_j, layout_basic, fountainhead,
          kennysheep_small_spiral, st_stairs_8, minivault_19
D:2:      layout_basic, uniq_sigmund
D:3:      layout_rooms, marbit_many_paths, lemuel_round_altar,
          nicolae_overflow_quartered_altars, serial_rivers,
          chequers_serial_rivers_room_b, chequers_serial_rivers_small_3,
          chequers_serial_rivers_large_a, chequers_serial_rivers_small_3,
          chequers_serial_rivers_micro_b, uniq_jessica, uniq_natasha
D:4:      layout_loops_corners, mainiacjoe_overflow_six_doors_small,
          nicolae_ashenzari_skybound, goddamned_bats
D:5:      layout_layer_cave, lemuel_round_altar,
          grunt_dithmenos_smoke_and_mirrors, uniq_prince_ribbit1
D:6:      layout_loops_corners, general_overflow_altar,
          kennysheep_generic_room_6, uniq_grinder
D:7:      layout_basic, tso_metal_star, minmay_temple_entry_crystal_x,
          serial_shops, shop, hangedman_decor_riveting, minmay_fire_ice_demons
D:8:      layout_basic, overflow_temple_1_default, nicolae_two_hexagons
D:9:      layout_gridville, minmay_door_square, nicolae_shop_gadgets
D:10:     layout_roguey, lair_entry_dummy, uniq_sonja
D:11:     layout_irregular_city, orc_0_dummy, nemelex_xobeh_ov_fountains_minmay
D:12:     layout_rooms, vehumet_crystals, uniq_nergalle
D:13:     layout_roguey, hangedman_vaults_entry_quadrant_bands
D:14:     layout_gridville, hangedman_decor_lopped,
          hangedman_abyss_or_decor_stagger
D:15:     grunt_enter_depths_giant_problem, layout_basic, special_room
          [special_room_orc], ebering_dispersal_statue_hall
Lair:1:   layout_roguey, maelrawn_ghost_gauntlet_escape, ldierk_geyser,
          uniq_fannar, uniq_erica
Lair:2:   layout_misc_corridors, grunt_megastairs_3
Lair:3:   layout_chaotic_city, nicolae_spider_entry_tight_spaces,
          eino_house_with_fridge, lemuel_fruit_tree, grunt_megastairs_2
Lair:4:   layout_misc_corridors, elwin_shoals_entry_rocks
Lair:5:   layout_roguey, minmay_slime_entry_pillars, gauntlet_entry_generic,
          minmay_shattered_shrine
Lair:6:   cheibrodos_lair_end_hotspot, layout_cave_pods
Spider:1: layout_spider_delve, uniq_kirke, uniq_azrael
Spider:2: nicolae_spider_hilbert_zone_3 [nicolae_spider_hilbert_4_sides_2_open,
          nicolae_spider_hilbert_3_sides_1_open,
          nicolae_spider_hilbert_3_sides_1_open,
          nicolae_spider_hilbert_3_sides_1_open,
          nicolae_spider_hilbert_3_sides_1_open,
          nicolae_spider_hilbert_4_sides_1_open,
          nicolae_spider_hilbert_4_sides_1_open,
          nicolae_spider_hilbert_4_sides_1_open,
          nicolae_spider_hilbert_4_sides_1_open,
          nicolae_spider_hilbert_4_sides_1_open,
          nicolae_spider_hilbert_4_sides_1_open,
          nicolae_spider_hilbert_4_sides_1_open,
          nicolae_spider_hilbert_4_sides_1_open,
          nicolae_spider_hilbert_3_sides_1_open,
          nicolae_spider_hilbert_3_sides_1_open,
          nicolae_spider_hilbert_3_sides_1_open,
          nicolae_spider_hilbert_3_sides_1_open],
          portal_ice_cave_entry_ice_statue_one, drop_trap,
          spiders_nest_spider_trap
Spider:3: layout_chambers
Spider:4: grunt_spider_rune_circles, uniq_arachne, uniq_aizul
Orc:1:    layout_diamond_mine, basic_altar, serial_shops, nicolae_diamond_shop,
          enter_bailey_2
Orc:2:    st_orc_ogre_mass, layout_diamond_mine, basic_altar
Elf:1:    layout_geoelf_grid, orc_legates, drop_trap
Abyss:3:  base: D:7, bh_silent_lugonu_exit, evilmike_abyss_rune_elephants_shrine

Skill      XL: |  1  2  3  4  5  6  7  8  9 10 11 12 13 14 15 16 17 |
---------------+----------------------------------------------------+-----
Fighting       | 4 5 6 7 9 10 11 13 14 15 17 18 19 20 | 20.2
Axes           | 4 5 6 7 9 10 11 13 14 16 18 19 20 21 | 21.0
Armour         | 3 4 6 9 11 12 14 15 16 18 19 | 19.7
Dodging        | 3 4 5 6 |  6.0
Evocations     | |  0.8

Action                   |  1- 3 |  4- 6 |  7- 9 | 10-12 | 13-15 | 16-18 || total
-------------------------+-------+-------+-------+-------+-------+-------++-------
Melee: Hand axe          |    59 |    31 |       |       |       |       ||    90
       Headbutt          |     9 |    17 |    55 |    70 |   168 |    96 ||   415
       War axe           |       |    42 |   322 |    21 |       |       ||   385
       Battleaxe         |       |       |       |   352 |   648 |       ||  1000
       Executioner's axe |       |       |       |       |   134 |   528 ||   662
Invok: Berserk           |     1 |     3 |    13 |    11 |    17 |    14 ||    59
       Brothers in Arms  |       |       |       |     5 |     5 |     5 ||    15
       Trog's Hand       |       |       |       |     2 |     3 |     6 ||    11
Evoke: Wand              |       |       |       |     5 |       |     3 ||     8
       Phantom mirror    |       |       |       |       |       |     1 ||     1
  Use: Scroll            |       |     1 |     9 |    11 |    11 |     5 ||    37
       Potion            |       |       |       |     3 |     7 |     5 ||    15
 Stab: Sleeping          |     1 |       |       |       |       |       ||     1
       Distracted        |       |       |       |       |       |     1 ||     1
Armor: Animal skin       |     4 |    11 |    37 |       |       |       ||    52
       Ring mail         |       |       |    12 |       |       |       ||    12
       Scale mail        |       |       |    18 |       |       |       ||    18
       Plate armour      |       |       |    80 |   305 |   569 |   545 ||  1499
       Chain mail        |       |       |    14 |       |       |       ||    14
Dodge: Dodged            |    32 |    46 |   207 |   233 |   391 |   371 ||  1280

Table legend: (Time is in decaauts)
 A = Elapsed time spent in this place.
 B = Non-inter-level travel time spent in this place.
 C = Inter-level travel time spent in this place.
 D = Time resting spent in this place.
 E = Time spent auto-exploring this place.
 F = Levels seen in this place.
 G = Mean time per level.
                   A        B        C        D        E       F      G
               +--------+--------+--------+--------+--------+-----+--------+
         Total |  42881 |  40401 |   2480 |   6764 |  28379 |  30 | 1429.4 |
       Dungeon |  19884 |  18679 |   1205 |   2349 |  14305 |  15 | 1325.6 |
          Lair |   8478 |   7913 |    565 |    177 |   6686 |   6 | 1413.0 |
   Spider Nest |   9753 |   9323 |    430 |   2701 |   5265 |   4 | 2438.2 |
  Orcish Mines |   3514 |   3236 |    278 |   1042 |   1669 |   2 | 1757.0 |
   Elven Halls |     56 |     56 |      0 |      0 |     45 |   1 |   56.0 |
         Abyss |    333 |    333 |      0 |     37 |    180 |   1 |  333.0 |
        Bailey |    861 |    861 |      0 |    458 |    228 |   1 |  861.0 |
               +--------+--------+--------+--------+--------+-----+--------+

Top non-repeatable levels by time:
Spider:4: 3024 daAuts
Spider:2: 2901 daAuts
    D:15: 2892 daAuts
Spider:3: 2719 daAuts
  Lair:6: 2544 daAuts
   Orc:1: 2304 daAuts
     D:5: 2010 daAuts
  Lair:5: 1767 daAuts
    D:10: 1532 daAuts
    D:11: 1506 daAuts
     D:3: 1479 daAuts
     D:4: 1456 daAuts
     D:7: 1313 daAuts
  Lair:3: 1298 daAuts
   Orc:2: 1209 daAuts
